 Dungeon Crawl Stone Soup version 0.27.1-4-g1640c2035a (webtiles) character file.

Game seed: 2438849240275886780

52791 Gunterle the Cleaver (level 14, -8/120 HPs)
             Began as a Palentonga Berserker on Nov 8, 2021.
             Was the Champion of Trog.
             Mangled by a very large slime creature (32 damage)
             ... on level 1 of the Pits of Slime.
             The game lasted 01:30:17 (23192 turns).

Gunterle the Cleaver (Palentonga Berserker)        Turns: 23192, Time: 01:30:18

Health: -8/120     AC: 27    Str: 27    XL:     14   Next: 28%
Magic:  0/14       EV: 14    Int: 15    God:    Trog [******]
Gold:   777        SH:  0    Dex:  9    Spells: 13/13 levels left

rFire    . . .     SeeInvis +   b - +11 hand axe of Resourcefulness {vorpal, rC+ Int+3}
rCold    + + .     Faith    .   (no shield)
rNeg     . . .     Spirit   .   J - +2 robe of Vines {NoPotionHeal Regen+++}
rPois    +         Reflect  +   N - +1 helmet {Int+3}
rElec    .         Harm     +   F - scarf {harm}
rCorr    .         Rampage  .   G - +1 pair of gloves
Will     +....                  L - +4 barding {rC+}
Stlth    +.........             x - amulet of reflection
HPRegen  3.30/turn              P - ring of poison resistance
MPRegen  0.14/turn              w - +4 ring of evasion

@: confused, engulfed (cannot breathe), curled up
A: large, rugged brown scales 3, see invisible, deformed body, roll 1, armoured
tail, reflexive curl, stinger 1, strong 1, no potion heal 1, subdued magic 1,
noise suppression
a: Rolling Charge, Renounce Religion, Berserk, Trog's Hand, Brothers in Arms


You were on level 1 of the Pits of Slime.
You worshipped Trog.
Trog was exalted by your worship.
You visited 5 branches of the dungeon, and saw 21 of its levels.
You also visited: Trove and Ice Cave.

You collected 2648 gold pieces.
You spent 1871 gold pieces at shops.

Inventory:

Hand Weapons
 a - a +3 hand axe of flaming
 b - the +11 hand axe of Resourcefulness (weapon) {vorpal, rC+ Int+3}
   (You found it on level 10 of the Dungeon)

   It inflicts extra damage upon your enemies.
   Int:       It affects your intelligence (+3).
   rC:        It protects you from cold.
 d - a +3 battleaxe
 e - a +2 hand axe of freezing
 R - a +0 vorpal battleaxe
Missiles
 i - 6 datura-tipped darts (quivered)
 B - 16 bolts
 I - 2 throwing nets
 W - 30 boomerangs
Armour
 v - a +2 chain mail of willpower
 F - a scarf of harm (worn)
 G - a +1 pair of gloves (worn)
 J - the +2 robe of Vines (worn) {NoPotionHeal Regen+++}
   (You found it on level 11 of the Dungeon)

   Its wearer cannot be healed by potions.
   Regen:     It increases your rate of health regeneration.
 L - a +4 barding of cold resistance (worn)
 M - the +3 salamander hide armour {Flames rF++ rC--}
   (You bought it in a shop on level 2 of the Orcish Mines)

   It surrounds you with a cloud of flames.
   It grants immunity to clouds of flame.
   It enhances your fire magic.
   rF:        It greatly protects you from fire.
   rC:        It makes you very vulnerable to cold.
 N - a +1 helmet of intelligence (worn)
 V - the +1 ring mail of Agoraphobia {+Blink rElec Will-}
   (You bought it in a shop on level 2 of the Orcish Mines)

   rElec:     It insulates you from electricity.
   +Blink:    It lets you blink.
   Will:      It decreases your willpower.
 Y - a +2 kite shield of cold resistance
Jewellery
 c - the ring "Jelahuab" {Fire +Blink rN+ Stlth-}
   (You found it in a treasure trove)

   [ring of fire]

   It enhances your fire magic.
   rF:        It protects you from fire.
   rC:        It makes you vulnerable to cold.
   rN:        It protects you from negative energy.
   +Blink:    It lets you blink.
   Stlth:     It makes you less stealthy.
 j - a ring of ice
 w - a +4 ring of evasion (right hand)
 x - an amulet of reflection (around neck)
 P - a ring of poison resistance (left hand)
 Q - a ring of protection from fire
 T - a ring of willpower
 Z - a ring of flight
Wands
 k - a wand of iceblast (15)
 l - a wand of flame (12)
 o - a wand of acid (5)
 E - a wand of paralysis (10)
Scrolls
 m - a scroll of blinking
 n - 5 scrolls of teleportation
 p - 5 scrolls of enchant weapon
 r - a scroll of fear
 t - 4 scrolls of vulnerability
 u - 3 scrolls of fog
 y - a scroll of magic mapping
 H - a scroll of immolation {unknown}
 O - a scroll of holy word {unknown}
Potions
 f - a potion of invisibility
 h - 5 potions of curing
 q - 3 potions of cancellation
 z - 5 potions of might
 A - a potion of magic
 C - a potion of berserk rage {unknown}
 D - a potion of lignification
 K - 3 potions of haste
 S - 6 potions of flight
 U - a potion of heal wounds
 X - 2 potions of resistance
Miscellaneous
 g - a phantom mirror
 s - a piece from Xom's chessboard (15/15)


   Skills:
 + Level 11.1 Fighting
 * Level 14.8 Axes
 - Level 7.9 Armour
 + Level 9.2 Dodging
 + Level 9.6 Evocations


You had 13 spell levels left.
You didn't know any spells.
Your spell library was empty.

Dungeon Overview and Level Annotations

Branches:
Dungeon (12/15)            Temple (1/1) D:6            Lair (5/6) D:11
  Swamp (0/4) Lair:4       Spider (0/4) Lair:3        Slime (1/5) Lair:5
    Orc (2/2) D:12            Elf (0/3) Orc:2         IceCv (visited)

Altars:
Ashenzari
Cheibriados
Dithmenos
Elyvilon
Fedhas
Gozag
Hepliaklqana
Kikubaaqudgha
Makhleb
Nemelex Xobeh
Qazlal
Ru
Sif Muna
Trog
Uskayaw
Vehumet
Wu Jian
Xom
Yredelemnul
The Shining One
Beogh
Jiyva

Shops:
D:1 *   D:10 =   Orc:2 [(!(

Annotations:
D:3 exclusion: scorpion
D:5 3 runed translucent doors, Descartes's ghost, weakling SpDe
D:10 2 runed translucent doors
Lair:2 1 runed translucent door, TangoThomas's ghost, journeyman NaAE


Innate Abilities, Weirdness & Mutations

You are completely covered in rugged brown scales. (AC +3, +7% HP)
You have supernaturally acute eyesight. (SInv)
Armour fits poorly on your strangely shaped body.
You can roll at nearby foes to attack.
You have a long armoured tail.
You curl defensively after being hit.
Your tail ends in a poisonous barb.
Your muscles are strong. (Str +2)
Potions are less effective at restoring your health.
Your spells are a little easier to cast, but a little less powerful.
You passively dampen the noise of your surroundings.


Message History

The golden eye blinks!
The slime creature hits you!
The azure jelly hits you but does no damage.
The azure jelly hits you. The azure jelly freezes you. You resist.
The azure jelly hits you. x2
Unknown command.
Unknown command.
Your system rejects the healing.
You feel better.
Your lungs strain for air!
The quicksilver ooze hits you.
The quicksilver ooze closely misses you.
The golden eye blinks at you.
You are confused.
The golden eye blinks! x4
The azure jelly hits you but does no damage.
The azure jelly completely misses you.
The azure jelly hits you but does no damage.
The azure jelly closely misses you.
The quicksilver ooze closely misses you.
The quicksilver ooze hits you.
Two slime creatures merge to form a large slime creature.
Two slime creatures merge to form a very large slime creature.
Unknown command.
Unknown command.
Your lungs strain for air!
The golden eye blinks at you. You resist with some effort.
The golden eye blinks at you.
You easily resist.
The golden eye blinks at you.
You are more confused.
The quicksilver ooze hits you! The quicksilver ooze hits you.
* * * LOW HITPOINT WARNING * * *
The azure jelly hits you.
* * * LOW HITPOINT WARNING * * *
The azure jelly freezes you! You resist.
* * * LOW HITPOINT WARNING * * *
The azure jelly hits you but does no damage. x2
The azure jelly completely misses you.
The very large slime creature hits you!!
You die...

.. ...........
... .........
....#.......# .
....#.......#..
......>G.......
...^.....§.....
.....JJGJ......
.....JG@.....#
...§J.G§J....#
............##
##...#.......#
......#.....##
.#.#.###.####
..# # ## .#


You could see an azure jelly, a very large slime creature, 3 slime creatures, a
quicksilver ooze and 4 golden eyes.

Vanquished Creatures
  Snorg (D:10)
  4 hydras
  A two-headed ogre (D:10)
  3 death yaks
  6 orc high priests
  A necromancer (IceCv)
  4 orc knights
  An orc sorcerer (Orc:2)
  2 shining eyes (Trove)
  A cyclops (D:11)
  An ugly thing (IceCv)
  2 manticores (D:12)
  5 elephants (Lair:4)
  3 torpor snails (Lair:2)
  An ice statue (IceCv)
  2 black mambas (Lair:5)
  8 cane toads
  An unseen horror (D:11)
  Psyche (D:8)
  3 rime drakes
  2 anaconda simulacra (IceCv)
  4 komodo dragons
  4 freezing wraiths (IceCv)
  8 ice devils (IceCv)
  3 entropy weaver simulacra (IceCv)
  5 trolls
  A polar bear (Lair:5)
  A hornet (D:8)
  5 blink frogs (Lair:5)
  A vampire (D:11)
  A redback (Lair:3)
  A wraith (D:11)
  4 wyverns
  A dire elephant simulacrum (IceCv)
  51 yaks
  3 basilisks
  2 steam dragons
  2 vampire mosquitoes (D:9)
  4 death yak simulacra (IceCv)
  9 wargs
  A harpy simulacrum (IceCv)
  11 water moccasins
  Edmund (D:6)
  A hornet zombie (D:8)
  15 orc warriors
  A sky beast (D:6)
  An ice beast (D:6)
  2 black bears
  10 ogres
  4 wolves (Lair:5)
  A necrophage (D:4)
  6 centaurs
  2 phantoms (D:4)
  2 kobold brigands
  10 bullfrogs
  4 scorpions
  A wyvern zombie (D:7)
  A two-headed ogre simulacrum (IceCv)
  5 cane toad simulacra
  A wyvern skeleton (D:6)
  23 killer bees
  8 elephant simulacra
  16 wights
  8 electric eels
  2 howler monkeys
  2 lava snakes (D:10)
  A bullfrog zombie (D:5)
  4 centaur zombies
  A hound (D:6)
  2 bullfrog skeletons
  A centaur skeleton (D:7)
  2 gnoll shamans
  37 orc priests
  Ijyb (D:3)
  23 orc wizards
  A troll simulacrum (IceCv)
  3 polar bear simulacra (IceCv)
  A spriggan simulacrum (IceCv)
  4 wolf simulacra
  A killer bee zombie (D:8)
  A howler monkey zombie (D:9)
  Robin (D:2)
  3 adders
  11 gnolls
  A naga simulacrum (IceCv)
  2 white imps (IceCv)
  2 worms (D:2)
  3 dart slugs (D:2)
  65 orcs
  7 ball pythons
  6 bats
  11 endoplasms
  A giant cockroach (D:1)
  16 goblins
  7 hobgoblins
  7 jackals (D:1)
  19 kobolds
  2 quokkas
  6 frilled lizards
  9 rats
564 creatures vanquished.

Vanquished Creatures (collateral kills)
  Fannar (Lair:3)
  Maggie (D:7)
  3 ice devils (IceCv)
  An orc warrior (Orc:2)
  An electric eel (Lair:3)
  A centaur skeleton (D:7)
  An orc wizard (Orc:1)
  An orc (Orc:1)
10 creatures vanquished.

Vanquished Creatures (others)
  An orc knight (Orc:2)
  An orc warrior (Orc:2)
  A kobold brigand (D:7)
  16 fungi
  7 plants
26 creatures vanquished.

Grand Total: 600 creatures vanquished

Notes
Turn   | Place    | Note
-------+----------+-------------------------------------------
     0 | D:1      | Gunterle the Palentonga Berserker began the quest for the
                  | Orb.
     0 | D:1      | Reached XP level 1. HP: 19/19 MP: 1/1
   204 | D:1      | Found a faded altar of an unknown god.
   375 | D:1      | Reached XP level 2. HP: 25/25 MP: 2/2
   678 | D:1      | Found Seqofel's General Store.
   705 | D:2      | Reached ** piety under Trog
   728 | D:1      | Reached XP level 3. HP: 24/31 MP: 3/3
  1281 | D:2      | Noticed Robin
  1414 | D:2      | Killed Robin
  1474 | D:2      | Reached XP level 4. HP: 13/37 MP: 4/4
  2009 | D:2      | Reached skill level 4 in Axes
  2112 | D:2      | Reached *** piety under Trog
  2509 | D:1      | Bought a scroll of teleportation for 33 gold pieces
  2509 | D:1      | Bought a scroll of fog for 22 gold pieces
  2757 | D:3      | Noticed Ijyb
  2767 | D:3      | Killed Ijyb
  2768 | D:3      | Reached XP level 5. HP: 32/43 MP: 5/5
  3406 | D:4      | Found a shimmering altar of Xom.
  3411 | D:4      | Noticed a necrophage
  3422 | D:4      | Killed a necrophage
  3481 | D:4      | Noticed a phantom
  3482 | D:4      | Killed a phantom
  3483 | D:4      | Reached skill level 1 in Evocations
  3483 | D:4      | Reached XP level 6. HP: 51/51 MP: 6/6
  3516 | D:4      | Found a shadowy altar of Dithmenos.
  3912 | D:4      | Reached skill level 5 in Axes
  4151 | D:5      | Entered Level 5 of the Dungeon
  4159 | D:5      | Gained mutation: You curl defensively after being hit.
                  | [Palentonga growth]
  4159 | D:5      | Reached XP level 7. HP: 53/57 MP: 7/7
  4773 | D:5      | Reached skill level 6 in Axes
  4909 | D:5      | Reached **** piety under Trog
  5164 | D:5      | Noticed a two-headed ogre
  5165 | D:5      | Found a runed translucent gate.
  5165 | D:5      | Found a runed translucent gate.
  5165 | D:5      | Found an opulent altar of Gozag.
  5165 | D:5      | Noticed Descartes's ghost (weakling SpDe)
  5166 | D:5      | Found a runed translucent gate.
  5538 | D:6      | Reached XP level 8. HP: 65/65 MP: 8/8
  5585 | D:6      | Reached skill level 5 in Fighting
  5636 | D:6      | Found a glowing golden altar of the Shining One.
  5636 | D:6      | Noticed Edmund
  5648 | D:6      | Killed Edmund
  5869 | D:6      | Reached skill level 7 in Axes
  6606 | D:6      | Found a staircase to the Ecumenical Temple.
  6615 | Temple   | Entered the Ecumenical Temple
  7385 | D:1      | Bought a scroll of vulnerability for 82 gold pieces
  7385 | D:1      | Bought a potion of flight for 33 gold pieces
  7918 | D:7      | Noticed Maggie
  7923 | D:7      | Killed Maggie
  7924 | D:7      | Reached XP level 9. HP: 73/73 MP: 9/9
  8214 | D:7      | Reached skill level 8 in Axes
  8889 | D:8      | Noticed Psyche
  8892 | D:8      | Killed Psyche
  8893 | D:8      | Reached skill level 5 in Armour
  8893 | D:8      | Reached skill level 5 in Dodging
  8928 | D:7      | Reached skill level 9 in Axes
  9160 | D:7      | Reached ***** piety under Trog
  9163 | D:7      | Reached XP level 10. HP: 82/82 MP: 10/10
  9675 | D:8      | Reached skill level 5 in Evocations
 10032 | D:9      | Found a basalt altar of Yredelemnul.
 10408 | D:10     | Entered Level 10 of the Dungeon
 10416 | D:10     | Found a portal to a secret trove of treasure.
 10425 | Trove    | Entered a treasure trove
 10431 | Trove    | Noticed a shining eye
 10431 | Trove    | Gained mutation: Your spells are a little easier to cast,
                  | but a little less powerful. [a shining eye]
 10436 | Trove    | Killed a shining eye
 10455 | Trove    | Identified the ring "Jelahuab" {Fire +Blink rN+ Stlth-}
 10455 | Trove    | Noticed a shining eye
 10457 | Trove    | Gained mutation: Your body sometimes deteriorates upon
                  | taking damage. [a shining eye]
 10460 | Trove    | Gained mutation: You are weak. (Str -2) [a shining eye]
 10465 | Trove    | Killed a shining eye
 10466 | Trove    | Reached skill level 10 in Axes
 10499 | Trove    | Identified the +4 barding "Weizueri" {Int+7}
 10533 | D:10     | Lost mutation: Your body sometimes deteriorates upon taking
                  | damage. [potion of mutation]
 10533 | D:10     | Lost mutation: You are weak. (Str -2) [potion of mutation]
 10533 | D:10     | Gained mutation: Your muscles are strong. (Str +2) [potion
                  | of mutation]
 10533 | D:10     | Gained mutation: Your tail ends in a poisonous barb.
                  | [potion of mutation]
 10533 | D:10     | Gained mutation: Potions are less effective at restoring
                  | your health. [potion of mutation]
 10533 | D:10     | Gained mutation: You passively dampen the noise of your
                  | surroundings. [potion of mutation]
 10593 | D:10     | Found Iskim's Jewellery Boutique.
 10887 | D:10     | Noticed Snorg
 10902 | D:10     | Killed Snorg
 11023 | D:10     | Noticed a two-headed ogre
 11073 | D:10     | Killed a two-headed ogre
 11074 | D:10     | Reached XP level 11. HP: 72/89 MP: 11/11
 11351 | D:10     | Found a large runed translucent door.
 11352 | D:10     | Found a large runed translucent door.
 11406 | D:10     | Identified the +11 hand axe of Resourcefulness {vorpal, rC+
                  | Int+3}
 12037 | D:11     | Found the +2 robe of Vines {NoPotionHeal Regen+++}
 12145 | D:11     | Noticed a death yak
 12145 | D:11     | Noticed a death yak
 12181 | D:10     | Killed a death yak
 12380 | D:11     | Reached skill level 11 in Axes
 12513 | D:11     | Reached * piety under Trog
 12617 | D:11     | Found a staircase to the Lair.
 12617 | D:11     | Noticed a death yak
 12628 | D:11     | Killed a death yak
 12634 | D:11     | Killed a death yak
 13436 | D:12     | Noticed a five-headed hydra
 13453 | D:12     | Killed a one-headed hydra
 13673 | D:12     | Noticed an eight-headed hydra
 13702 | D:12     | Killed a five-headed hydra
 13703 | D:12     | Reached XP level 12. HP: 100/100 MP: 12/12
 13908 | D:12     | Found a staircase to the Orcish Mines.
 14251 | Orc:1    | Entered Level 1 of the Orcish Mines
 15022 | Orc:2    | Entered Level 2 of the Orcish Mines
 15035 | Orc:1    | Reached skill level 12 in Axes
 16386 | Orc:2    | Found a staircase to the Elven Halls.
 16450 | Orc:2    | Noticed an orc high priest
 16454 | Orc:2    | Noticed an orc high priest
 16649 | Orc:1    | Killed an orc high priest
 17030 | Orc:2    | Noticed an orc high priest
 17040 | Orc:2    | Killed an orc high priest
 17054 | Orc:2    | Noticed an orc high priest
 17056 | Orc:2    | Found Yfuitwy's Antique Weapon Boutique.
 17056 | Orc:2    | Found Igeitsex's Distillery.
 17105 | Orc:1    | Killed an orc high priest
 17195 | Orc:2    | Bought a potion of resistance for 130 gold pieces
 17195 | Orc:2    | Bought a potion of lignification for 39 gold pieces
 17195 | Orc:2    | Bought 2 potions of brilliance for 104 gold pieces
 17230 | Orc:2    | Noticed an orc high priest
 17244 | Orc:2    | Killed an orc high priest
 17306 | Orc:2    | Found Sywo's Weapon Boutique.
 17306 | Orc:2    | Found Tiycs's Antique Armour Shoppe.
 17318 | Orc:2    | Noticed an orc high priest
 17322 | Orc:2    | Killed an orc high priest
 17337 | Orc:2    | Killed an orc high priest
 17361 | Orc:2    | Bought the +3 salamander hide armour {Flames rF++ rC--} for
                  | 966 gold pieces
 17361 | Orc:2    | Found the +3 salamander hide armour {Flames rF++ rC--}
 17361 | Orc:2    | Bought a runed helmet for 210 gold pieces
 17361 | Orc:2    | Bought a scorched ring mail for 252 gold pieces
 17361 | Orc:2    | Identified the +1 ring mail of Agoraphobia {+Blink rElec
                  | Will-} (You bought it in a shop on level 2 of the Orcish
                  | Mines)
 17526 | Orc:2    | Reached skill level 13 in Axes
 17849 | Lair:1   | Entered Level 1 of the Lair of Beasts
 17945 | Lair:1   | Reached XP level 13. HP: 109/109 MP: 13/13
 19102 | Lair:2   | Found a runed translucent door.
 19105 | Lair:2   | Noticed TangoThomas's ghost (journeyman NaAE)
 19106 | Lair:2   | Identified the +10 spear of Immorality {drain, rElec rN+}
 19214 | Lair:2   | Reached skill level 10 in Fighting
 19436 | Lair:2   | Found a snail-covered altar of Cheibriados.
 19972 | Lair:3   | Noticed Fannar
 20022 | Lair:3   | Killed Fannar
 20209 | Lair:3   | Found a hole to the Spider Nest.
 20776 | Lair:4   | Found a frozen archway.
 20793 | IceCv    | Entered an ice cave
 21107 | IceCv    | Reached skill level 14 in Axes
 21178 | IceCv    | Found an ancient bone altar of Kikubaaqudgha.
 21951 | Lair:4   | Reached XP level 14. HP: 105/118 MP: 14/14
 22000 | Lair:4   | Found a staircase to the Swamp.
 22484 | Lair:5   | Found a viscous altar of Jiyva.
 22485 | Lair:5   | Found a staircase to the Slime Pits.
 22644 | Lair:5   | Received a gift from Trog
 22646 | Lair:5   | Reached ****** piety under Trog
 22930 | Lair:5   | Found an ornate altar of the Wu Jian Council.
 23186 | Slime:1  | Entered Level 1 of the Pits of Slime
 23186 | Slime:1  | Noticed a quicksilver ooze
 23186 | Slime:1  | Noticed an azure jelly
 23192 | Slime:1  | Mangled by a very large slime creature

Illustrated notes

Levels and vault maps discovered:
D:1:      roderic_octagonal_star, layout_basic, shapermc_ecumenical_altar_petra,
          serial_shops, nicolae_shop_crystal
D:2:      layout_loops_cross, uniq_robin
D:3:      layout_loops_ring, grunt_decor_resistance, roderic_roman_lattice,
          lightli_corner_chamber, uniq_ijyb
D:4:      layout_loops_cross, lemuel_crystal_altar,
          nicolae_dithmenos_through_a_glass_darkly, minmay_misc_feat_iff,
          minmay_cupped
D:5:      layout_basic, ebering_ghost_gozag
D:6:      layout_layer_cave, lemuel_round_altar,
          minmay_temple_entry_antechambers, chequers_serial_rivers_room_b,
          serial_bayou_pond_e, uniq_edmund
D:7:      layout_cave_pools, kennysheep_windowed_goal, uniq_maggie
D:8:      layout_basic, chequers_decorated_corner, uniq_psyche
D:9:      layout_big_octagon, lemuel_zombie_altar_yredelemnul
D:10:     layout_stronghold, jmf_multi_god_temple2, enter_trove_2, serial_shops,
          nicolae_inconvenience_store, uniq_snorg
D:11:     layout_roguey, dpeg_lair_monsters
D:12:     layout_long_grid, david_orc_3
Temple:   regret_index_temple_sphere_string
Lair:1:   layout_layer_cave, serial_bayou_shore_b
Lair:2:   layout_long_grid, ebering_ghost_funeral_grove, serial_bayou_pond_b,
          st_stairs_13, kennysheep_snail_temple, lemuel_fruit_tree
Lair:3:   layout_chaotic_city, spider_nest_entry_rubble, lemuel_old_faithful,
          serial_bayou_shore_b, serial_bayou_shore_b, infiniplex_staircase_pool,
          uniq_fannar
Lair:4:   layout_gridlike, minmay_swamp_entry_eels,
          portal_ice_cave_entry_ice_simulacra
Lair:5:   layout_small_grid, slime_altar_1, lemuel_centaur_altar
Slime:1:  layout_caves
Orc:1:    layout_caves
Orc:2:    st_orc_town, layout_diamond_mine

Skill      XL: |  1  2  3  4  5  6  7  8  9 10 11 12 13 14 |
---------------+-------------------------------------------+-----
Armour         | 2 3 4 5 6 7 |  7.9
Dodging        | 2 3 4 5 6 7 9 |  9.2
Axes           | 4 5 6 7 9 10 11 13 14 | 14.8
Fighting       | 4 5 6 7 8 9 10 11 | 11.1
Evocations     | 1 2 3 4 5 7 8 9 |  9.6

Action                   |  1- 3 |  4- 6 |  7- 9 | 10-12 | 13-15 || total
-------------------------+-------+-------+-------+-------+-------++-------
Melee: Hand axe          |   103 |    55 |   220 |   556 |   468 ||  1402
       Tailslap          |     7 |    12 |    31 |    77 |    92 ||   219
       War axe           |       |    52 |       |       |       ||    52
       Battleaxe         |       |       |       |     8 |       ||     8
Throw: Dart              |     1 |     3 |    30 |    53 |       ||    87
       Boomerang         |       |       |       |     2 |       ||     2
Invok: Berserk           |     4 |     5 |    10 |    19 |     6 ||    44
       Brothers in Arms  |       |       |     1 |     1 |     3 ||     5
 Abil: Rolling Charge    |     9 |    32 |    24 |    67 |    62 ||   194
Evoke: Wand              |       |       |     8 |    13 |       ||    21
       Piece from Xom's  |       |       |       |     1 |       ||     1
  Use: Scroll            |       |     3 |     4 |    12 |     3 ||    22
       Potion            |       |       |       |     5 |     1 ||     6
 Stab: Sleeping          |     1 |       |       |       |       ||     1
       Confused          |       |       |       |     2 |       ||     2
Armor: Animal skin       |    45 |     1 |       |       |       ||    46
       Leather armour    |       |    22 |    18 |       |       ||    40
       Robe              |       |       |     5 |    82 |   140 ||   227
       Swamp dragon scal |       |       |    27 |   125 |       ||   152
Dodge: Dodged            |    83 |    40 |   118 |   246 |   201 ||   688
Block: Other             |       |       |    43 |   113 |    63 ||   219
       Reflection        |       |       |     2 |     4 |     6 ||    12
